 Dungeon Crawl Stone Soup version 0.17-a0-1450-g7e755d1 (webtiles) character file.

285 Fizybubbleh the Grave Robber (level 6, -2/41 HPs)
             Began as a Mummy Necromancer on June 30, 2015.
             Killed from afar by an orc wizard (9 damage)
             ... with a magic dart
             ... on level 3 of the Dungeon.
             The game lasted 00:17:56 (3457 turns).

Fizybubbleh the Grave Robber (Mummy Necromancer)    Turns: 3457, Time: 00:17:56

Health: -2/41      AC:  2    Str: 12    XL:     6   Next: 7%
Magic:  0/9        EV: 12    Int: 16    God:
Gold:   151        SH:  0    Dex: 12    Spells: 3 memorised, 1 level left

rFire  x . .     SeeInvis .     m - +1 dagger (elec)
rCold  + . .     Clarity  .     a - +0 robe
rNeg   + + +     SustAt   .     (no shield)
rPois  ∞         Gourm    .     (no helmet)
rElec  .         Spirit   .     (no cloak)
rCorr  .         Warding  .     (no gloves)
rMut   .         Stasis   .     (no boots)
MR     .....                    (no amulet)
Stlth  ++........               (no ring)
                                (no ring)

@: not resistant to hostile enchantments, unstealthy
A: no food or potions, fire vulnerability, cold resistance 1, negative energy
resistance 3, torment resistance, unbreathing
a: no special abilities


You were on level 3 of the Dungeon.
You were not hungry.

You visited 1 branch of the dungeon, and saw 3 of its levels.

You collected 151 gold pieces.

Inventory:

Hand weapons
 c - a +0 club
 f - a +0 whip
 h - a +1 short sword of protection
 m - a +1 dagger of electrocution (weapon)
Missiles
 e - 95 stones
 j - 9 javelins (quivered)
Armour
 a - a +0 robe (worn)
 k - a +0 helmet
 n - a cursed -2 robe
Scrolls
 d - 5 scrolls of remove curse
 g - 2 scrolls of random uselessness
 i - a scroll of identify
 l - a scroll of blinking
Books
 b - a book of Necromancy

   Spells                             Type                      Level
   a - Pain                           Necromancy                   1
   b - Animate Skeleton               Necromancy                   1
   c - Vampiric Draining              Necromancy                   3
   d - Regeneration                   Charms/Necromancy            3
   e - Animate Dead                   Necromancy                   4
   f - Control Undead                 Necromancy                   4


   Skills:
 - Level 1.5 Dodging
 - Level 1.5 Stealth
 - Level 2.0 Spellcasting
 + Level 7.4 Necromancy


You had one spell level left.
You knew the following spells:

 Your Spells              Type           Power        Failure   Level  Hunger
a - Pain                  Necr           ####         1%          1    N/A
b - Vampiric Draining     Necr           ####......   3%          3    N/A
c - Animate Dead          Necr           N/A          12%         4    N/A

Dungeon Overview and Level Annotations

Branches:
Dungeon (3/15)

Altars:
Kikubaaqudgha

Annotations:
D:3 Sirial's ghost, average DsIE


Innate Abilities, Weirdness & Mutations

You do not eat or drink.
Your flesh is vulnerable to fire.
You are immune to poison.
Your flesh is cold resistant.
You are immune to negative energy.
You are immune to unholy pain and torment.
You can survive without breathing.


Message History

As you read the scroll labeled GOMIHU GE XUME, it crumbles to dust.
It is a scroll of identify.
Identify which item? (\ to view known items) (? for menu, Esc to quit)
l - a scroll of blinking The orc wizard casts a spell.
The orc wizard blinks!
The orc wizard casts a spell.
The orc wizard blinks!
Aim: an orc wizard, wielding a dagger and wearing a robe (heavily wounded, fast, chance to defeat MR: 84%)
The orc wizard convulses in agony!
You now have 0/9 mp.
Read which item? (? for menu, Esc to quit)
As you read the scroll labeled LEZINY FE COGH, it crumbles to dust.
Your brain hurts!
It was a scroll of random uselessness.
Read which item? (? for menu, Esc to quit)
As you read the scroll labeled WEQOJE KOFE, it crumbles to dust.
You feel blessed for a moment.
It was a scroll of remove curse.
The orc wizard points at you and mumbles some strange words.
The magic dart hits you!
You die...

#.# # ####.### #
......# # ..... #
... ####### ## #o#
#.....# (# #)#
#.....# .#
####.###.....# .#
#........ooo@#
.####......o.#####
.....[.......#
.............#
...†.........#
.....###'#####
..)..# #.# .....#
#.# ...### .#


You could see an orc wizard and 3 orcs.

Vanquished Creatures
  2 vampire bats (D:2)
  An orc wizard (D:3)
  Jessica (D:3)
  Terence (D:3)
  Robin (D:2)
  An adder (D:2)
  3 worms
  3 giant geckos
  4 orcs (D:3)
  A ball python (D:2)
  4 bat skeletons (D:2)
  3 bat zombies (D:2)
  21 goblins
  14 hobgoblins
  7 kobolds
  5 bats
  3 giant cockroaches
  3 giant newts
  6 jackals
  10 rats
94 creatures vanquished.

Notes
Turn   | Place    | Note
--------------------------------------------------------------
     0 | D:1      | Fizybubbleh the Mummy Necromancer began the quest for the Orb.
     0 | D:1      | Reached XP level 1. HP: 13/13 MP: 3/3
   156 | D:1      | Reached XP level 2. HP: 19/19 MP: 1/5
  1160 | D:1      | Reached skill level 5 in Necromancy
  1160 | D:1      | Reached XP level 3. HP: 20/24 MP: 0/6
  1428 | D:1      | Learned a level 3 spell: Vampiric Draining
  1669 | D:2      | Noticed Robin
  1676 | D:2      | Killed Robin
  1945 | D:2      | Found an ancient bone altar of Kikubaaqudgha.
  2071 | D:2      | Reached skill level 6 in Necromancy
  2071 | D:2      | Reached XP level 4. HP: 11/30 MP: 7/7
  2078 | D:2      | Reached XP level 5. HP: 12/35 MP: 8/8
  2280 | D:2      | Learned a level 4 spell: Animate Dead
  2941 | D:3      | Noticed Terence
  3150 | D:3      | Killed Terence
  3150 | D:3      | Reached skill level 7 in Necromancy
  3276 | D:3      | Noticed Jessica
  3281 | D:3      | Killed Jessica
  3310 | D:3      | Noticed Sirial's ghost (average DsIE)
  3431 | D:3      | Reached XP level 6. HP: 35/41 MP: 0/9
  3457 | D:3      | Killed from afar by an orc wizard

Vault maps used:
D:1:      evilmike_arrival_run_for_it, serial_forest, infiniplex_forest_join,
          infiniplex_forest_straight_3, infiniplex_forest_clump_diagonal,
          infiniplex_forest_straight_2, infiniplex_forest_lined_2,
          minmay_crystal_room, minivault_27
D:2:      kennysheep_vampire_church, uniq_robin
D:3:      corexii_item_surrounded_by_moat, nicolae_gozag_seed_capital,
          uniq_jessica, uniq_terence

Action                   |  1- 3 |  4- 6 || total
-------------------------+-------+-------++-------
Melee: Short sword       |    71 |     9 ||    80
       Dagger            |       |    16 ||    16
Throw: Stone             |    17 |       ||    17
       Javelin           |     6 |     7 ||    13
 Cast: Pain              |    69 |    68 ||   137
  Use: Scroll            |       |     3 ||     3
